Map: Dash and Terminal LE (Void)

Players

VampyWorm - Winner!

  • Race: Protoss Protoss
  • League: Master

Sevnin

  • Race: Terran Terran
  • League: Platinum

VOD

Have the link to the VOD?

Description

Interesting tvp build

Time

  • Played on: Sept. 8, 2015, 3:24 p.m.
  • Length: 13:29
Show
View Real Time Build Order
Export as new Build Order

VampyWorm Protoss - Winner!

Build Orders:  

Get SALT Encoding   

  12  0:00  Probe (Chrono Boost)  
  13  0:15  Pylon  
  13  0:16  Probe (Chrono Boost)  
  14  0:26  Probe (Chrono Boost)  
  15  0:34  Gateway  
  15  0:37  Probe (Chrono Boost)  
  16  0:47  Probe (Chrono Boost)  
  17  0:54  Assimilator  
  17  0:56  Assimilator  
  17  0:57  Probe (Chrono Boost)  
  18  1:07  Probe (Chrono Boost)  
  19  1:12  Pylon  
  19  1:17  Probe (Chrono Boost)  
  20  1:21  Cybernetics Core  
  20  1:27  Probe (Chrono Boost)  
  21  1:37  Probe (Chrono Boost)  
  22  1:57  Adept, Warp Gate  
  22  1:58  Mothership Core (Chrono Boost)  
  26  2:21  Nexus  
  26  2:27  Probe (Chrono Boost)  
  27  2:37  Stalker, Probe (Chrono Boost)  
  27  2:43  Pylon  
  30  2:51  Probe (Chrono Boost)  
  31  3:00  Pylon  
  31  3:11  Probe (Chrono Boost)  
  31  3:12  Robotics Facility  
  32  3:21  Probe (Chrono Boost)  
  33  3:39  Probe (Chrono Boost), Pylon  
  32  3:45  Probe (Chrono Boost)  
  32  3:49  Probe (Chrono Boost)  
  32  4:05  Probe (Chrono Boost), Immortal (Chrono Boost)  
  32  4:09  Mothership Core  
  38  4:13  Pylon  
  38  4:14  Probe  
  39  4:19  Gateway  
  39  4:21  Gateway  
  39  4:22  Stalker  
  35  4:24  Probe  
  35  4:30  Probe  
  35  4:34  Probe  
  36  4:40  Observer (Chrono Boost)  
  36  4:42  Probe  
  36  4:44  Probe  
  38  4:48  Robotics Facility  
  38  4:49  Pylon  
  39  4:54  Probe x2  
  39  4:57  Twilight Council  
  41  5:04  Observer (Chrono Boost)  
  41  5:05  Probe  
  41  5:06  Probe  
  44  5:12  Forge  
  44  5:15  Probe  
  44  5:18  Probe  
  44  5:20  Stalker  
  48  5:25  Stalker, Probe  
  51  5:30  Probe  
  51  5:35  Probe, Blink  
  52  5:40  Assimilator  
  52  5:42  Probe  
  54  5:45  Protoss Ground Weapons Level 1  
  54  5:49  Immortal (Chrono Boost)  
  58  6:08  Stalker x2  
  57  6:21  Immortal (Chrono Boost)  
  54  6:31  Stalker x2  
  55  6:45  Probe  
  50  6:55  Probe  
  50  6:57  Probe  
  50  6:59  Immortal (Chrono Boost)  
  50  7:01  Zealot x2  
  60  7:05  Probe  
  60  7:07  Assimilator  
  61  7:09  Pylon  
  61  7:10  Probe  
  61  7:13  Pylon  
  62  7:25  Probe  
  62  7:27  Probe  
  68  7:31  Immortal (Chrono Boost)  
  68  7:37  Warp Prism (Chrono Boost)  
  68  7:38  Gateway  
  68  7:39  Probe  
  68  7:40  Probe  
  68  7:42  Gateway  
  68  7:43  Pylon  
  72  7:47  Stalker x2  
  72  7:49  Protoss Ground Armor Level 1 (Chrono Boost)  
  76  7:52  Probe  
  76  7:55  Probe  
  78  8:08  Robotics Bay  
  78  8:16  Nexus  
  78  8:23  Adept x2  
  82  8:32  Probe  
  81  8:45  Probe  
  82  8:49  Probe  
  82  8:52  Disruptor (Chrono Boost)  
  86  8:59  Probe, Disruptor (Chrono Boost), Pylon  
  86  9:01  Pylon  
  86  9:06  Pylon  
  86  9:11  Pylon  
  86  9:13  Forge  
  86  9:14  Pylon  
  87  9:17  Probe  
  87  9:18  Stalker  
  87  9:19  Stalker x2  
  87  9:23  Disruptor (Chrono Boost)  
  96  9:32  Disruptor (Chrono Boost)  
  96  9:34  Stalker  
  101  9:43  Stalker x2  
  103  9:56  Zealot  
  95  10:10  Stalker x2  
  95  10:11  Adept  
  91  10:22  Nexus  
  85  10:34  Probe (Chrono Boost)  
  85  10:35  Probe (Chrono Boost)  
  85  10:38  Protoss Ground Armor Level 2, Protoss Ground Weapons Level 2  
  85  10:41  Warp Prism (Chrono Boost)  
  85  10:44  Probe  
  85  10:46  Probe  
  85  10:48  Adept x3  
  95  10:54  Probe  
  96  11:10  Probe  
  96  11:12  Probe  
  96  11:38  Probe  
  95  11:41  Disruptor (Chrono Boost)  
  95  11:44  Adept  
  95  11:45  Adept x3  
  110  11:47  Immortal (Chrono Boost)  
  102  12:12  Stalker, Adept  
  102  12:13  Adept x2  
  102  12:14  Probe  
  111  12:27  Gateway  
  111  12:29  Immortal (Chrono Boost)  
  119  12:30  Gateway  
  119  12:31  Pylon  
  119  12:34  Stalker x2  
  119  12:35  Stalker, Immortal (Chrono Boost)  
Show
View Real Time Build Order
Export as new Build Order

Sevnin Terran 

Build Orders:  

Get SALT Encoding   

  12  0:00  SCV  
  13  0:13  SCV  
  14  0:19  Supply Depot  
  14  0:25  SCV  
  15  0:30  Refinery  
  15  0:40  SCV  
  16  0:47  Barracks  
  16  0:52  SCV  
  17  1:04  SCV  
  18  1:16  SCV  
  19  1:28  SCV  
  19  1:30  Supply Depot  
  20  1:35  Factory, Marine  
  21  1:41  Orbital Command  
  21  1:54  Barracks Reactor  
  21  2:07  SCV  
  22  2:25  Widow Mine  
  22  2:28  SCV  
  25  2:35  Command Center  
  25  2:40  SCV, Starport  
  25  2:42  Marine x2  
  28  2:54  SCV  
  29  3:17  Hellion x2, Marine  
  29  3:18  Viking  
  33  3:43  Marine  
  33  3:44  Hellion x2  
  37  3:52  SCV  
  37  3:54  Orbital Command  
  38  4:01  Supply Depot, Marine  
  37  4:06  Hellion x2  
  40  4:11  Viking  
  42  4:22  Marine  
  41  4:27  Hellion x2  
  41  4:29  Supply Depot  
  41  4:30  Supply Depot, Orbital Command  
  43  4:34  SCV  
  42  4:40  Supply Depot  
  42  4:44  Viking  
  44  4:47  Marine  
  44  4:48  Hellion  
  44  4:49  Hellion  
  49  4:55  Armory  
  49  4:57  SCV x2  
  49  4:58  Barracks  
  49  4:59  Barracks  
  51  5:07  Marine  
  51  5:09  SCV  
  51  5:10  Hellion  
  51  5:11  SCV  
  56  5:15  Hellion  
  56  5:20  Viking  
  60  5:21  SCV  
  60  5:26  SCV  
  62  5:31  Hellion  
  62  5:33  SCV  
  65  5:38  SCV  
  66  5:45  Hellion  
  68  5:50  Barracks Tech Lab x2, Barracks  
  68  5:54  Hellion  
  68  5:56  Barracks Tech Lab  
  70  6:01  Viking  
  66  6:17  Hellion x2, Marine x2  
  60  6:35  Marine  
  60  6:37  Viking  
  60  6:38  SCV, Hellion x2  
  60  6:39  SCV  
  65  6:40  Marine x2  
  57  6:50  Command Center  
  57  6:51  SCV x2  
  57  6:52  Marine  
  60  6:59  Hellion x2  
  62  7:03  SCV x2  
  64  7:12  Engineering Bay  
  64  7:13  Engineering Bay  
  64  7:14  Marauder  
  64  7:15  SCV  
  71  7:17  Stimpack, Marine x2  
  71  7:19  SCV  
  70  7:27  SCV, Hellion x2  
  75  7:32  Refinery  
  75  7:33  Refinery x2  
  75  7:35  Marine x2  
  77  7:40  SCV x2  
  77  7:43  Barracks  
  77  7:44  Barracks x2  
  79  7:45  Barracks  
  79  7:52  SCV  
  79  7:53  Marine x2  
  79  7:54  Marauder x2  
  86  8:02  Hellion  
  88  8:08  Hellion  
  88  8:10  Orbital Command  
  88  8:11  Marine x2  
  92  8:13  Terran Infantry Weapons Level 1  
  92  8:14  Marine x2  
  92  8:16  Terran Infantry Armor Level 1  
  94  8:26  SCV  
  95  8:29  Marine x2  
  95  8:32  Marine  
  98  8:34  Barracks Tech Lab  
  98  8:35  Marine x3  
  101  8:47  Marauder  
  101  8:48  Marine  
  101  8:51  Marine  
  101  8:52  Marine  
  101  9:09  Marine x6  
  101  9:10  Marauder  
  101  9:13  Refinery x2  
  101  9:16  Supply Depot  
  109  9:17  Supply Depot  
  109  9:21  Marine  
  109  9:22  Supply Depot x2  
  109  9:23  Combat Shields  
  110  9:27  Marine x4  
  110  9:28  Marauder x2  
  110  9:30  SCV  
  97  9:54  Marine x5  
  97  9:55  Marauder x3  
  92  10:07  Widow Mine x2  
  92  10:12  Marine x4  
  92  10:13  Marauder  
  88  10:16  Marauder, Marine x2  
  70  10:28  SCV  
  70  10:29  SCV x2  
  70  10:30  Marine  
  70  10:31  Marine  
  70  10:33  Barracks Tech Lab  
  70  10:34  Barracks Tech Lab, Marauder x3  
  79  10:36  Terran Infantry Weapons Level 2, Terran Infantry Armor Level 2  
  79  10:38  Marauder  
  79  10:41  SCV  
  82  10:47  Widow Mine x2  
  82  10:48  Marine  
  87  10:51  Marine  
  87  10:55  Marauder, Starport Reactor  
  87  10:56  Marauder x2  
  94  10:58  SCV x2  
  94  10:59  Marauder  
  98  11:09  Marauder x2  
  98  11:10  Concussive Shells  
  102  11:17  Marauder  
  103  11:30  Marine x2  
  103  11:31  Marauder x4, Marine  
  103  11:38  Marine  
  102  11:48  Marine x2  
  102  11:49  Marine  
  102  11:52  Marauder  
  87  11:55  Marine x2  
  87  12:00  Marine  
  62  12:14  Marauder x2  
  62  12:15  Marine  
  63  12:16  Marine  
  63  12:18  Marauder  
  53  12:33  Marine  
  53  12:35  Marauder  
  30  12:54  Marine x2  
  30  12:55  Marauder x2  
  30  12:56  Marauder  
  39  13:17  SCV  
Tags
 
Add a new tag
Caveats
  • Supply blocks, unpowered buildings, or Contaminate may cause inaccurate times.
  • Supply counts are checked every 10 seconds.